 Dungeon Crawl Stone Soup version 0.29.1-12-g30fa7ad0bf (webtiles) character file.

Game seed: 12693960479439885637

123 KittyFluff the Trooper (level 5, -11/33 HPs)
             Began as a Gargoyle Berserker on Jan 6, 2023.
             Was a Believer of Trog.
             Killed by divine providence
             ... invoked by an orc priest
              (13 damage)
             ... on level 3 of the Dungeon.
             The game lasted 00:10:35 (2599 turns).

KittyFluff the Trooper (Gargoyle Berserker)         Turns: 2599, Time: 00:10:36

Health: -11/33     AC:  7    Str: 21    XL:     5   Next: 7%
Magic:  5/5        EV: 12    Int:  7    God:    Trog [**....]
Gold:   48         SH:  0    Dex: 11    Spells: 4/4 levels left

rFire   . . .      SeeInvis .   m - +2 flail (holy)
rCold   . . .      Faith    .   (no shield)
rNeg    + . .      Spirit   .   o - +0 leather armour
rPois   ∞          Reflect  .   (no helmet)
rElec   +          Harm     .   (no cloak)
rCorr   .          Rampage  .   (no gloves)
Will    +....                   (no boots)
Stlth   +.........              (no amulet)
HPRegen 0.11/turn               k - ring of willpower
MPRegen 0.09/turn               (no ring)

@: no status effects
A: sickness immunity, AC +4, negative energy resistance 1, electricity
resistance, torment resistance 1, petrification resistance
a: Renounce Religion, Berserk, Trog's Hand


You were on level 3 of the Dungeon.
You worshipped Trog.
Trog was pleased with you.
You visited 1 branch of the dungeon, and saw 3 of its levels.

You collected 108 gold pieces.
You spent 60 gold pieces at shops.

Inventory:

Hand Weapons
 a - a +0 mace
 m - a +2 flail of holy wrath (weapon)
 q - a +0 sling
Missiles
 l - 24 stones (quivered)
Armour
 o - a +0 leather armour (worn)
Jewellery
 k - a ring of willpower (left hand)
Wands
 p - a wand of polymorph (12)
Scrolls
 b - a scroll of enchant armour {unknown}
 d - 2 scrolls of butterflies {unknown}
 f - a scroll of brand weapon {unknown}
 h - a scroll of immolation {unknown}
 i - a scroll of poison {unknown}
 s - a scroll of teleportation
Potions
 c - 2 potions of cancellation
 e - a potion of magic
 g - a potion of degeneration {unknown}
 n - a potion of mutation {unknown}
 r - a potion of flight {unknown}


   Skills:
 + Level 3.9 Fighting
 + Level 3.6 Maces & Flails
 * Level 3.9 Armour
 + Level 2.3 Dodging


You had 4 spell levels left.
You didn't know any spells.
Your spell library was empty.

Dungeon Overview and Level Annotations

Branches:
Dungeon (3/15)

Altars:
Gozag

Shops:
D:3 ?(


Innate Abilities, Weirdness & Mutations

You are immune to sickness and miasma.
Your stone body is resilient. (AC +4)
You are immune to poison.
You resist negative energy. (rN+)
You are resistant to electric shocks. (rElec)
You are resistant to unholy torment.
You are immune to petrification.


Message History

You have reached level 5!
Things that are here:
a +0 dagger; a +0 robe A rat comes into view.
You sock the rat!
You kill the rat!
Trog accepts your kill.
You start resting.
An orc comes into view. It is wielding a +0 club.
You start resting.
An orc is nearby!
The orc shouts!
You hear a shout!
You closely miss the orc. The orc hits you but does no damage.
You closely miss the orc. The orc barely misses you.
You hit the orc.
The orc is moderately wounded.
An orc priest comes into view. It is wielding a +0 club.
The orc closely misses you.
You sock the orc!
You kill the orc!
Trog accepts your kill. The orc priest closely misses you.
Items here: ) ? [ †.
You closely miss the orc priest.
The orc priest invokes the aid of Beogh against you.
Beogh smites you!
* * * LOW HITPOINT WARNING * * *
The orc priest looks encouraged for a moment.
You hit the orc priest.
The orc priest is moderately wounded.
The orc priest hits you but does no damage.
You hit the orc priest.
The orc priest is moderately wounded.
The orc priest hits you with a +0 club.
* * * LOW HITPOINT WARNING * * *
You hit the orc priest.
The orc priest is severely wounded.
The orc priest mumbles some strange prayers to Beogh against you.
Beogh smites you!
You die...

#####...#..........##
#....)..............##
#...........#'#......#
#...........+∩+......#
#...........#+#......#
#........†...........# .##
#....................#
...###...................##
#.......o@.............##
#...##).################
..#..)..# . ##.##.# #.. #.#
...# #...# #.## ###.... ...
###..o ### #.


You could see an orc priest.

Vanquished Creatures
  An orc priest (D:2)
  An orc wizard (D:3)
  A dart slug (D:1)
  7 orcs
  3 endoplasms (D:1)
  3 giant cockroaches
  7 goblins
  5 hobgoblins
  3 jackals (D:1)
  5 quokkas
  2 ball pythons
  4 bats
  A frilled lizard (D:1)
  4 kobolds
  5 rats
52 creatures vanquished.

Notes
Turn   | Place    | Note
-------+----------+-------------------------------------------
     0 | D:1      | KittyFluff the Gargoyle Berserker began the quest for the
                  | Orb.
     0 | D:1      | Reached XP level 1. HP: 14/14 MP: 1/1
   292 | D:1      | Reached XP level 2. HP: 13/19 MP: 2/2
   908 | D:1      | Reached XP level 3. HP: 17/23 MP: 3/3
  1174 | D:1      | Found a faded altar of an unknown god.
  1728 | D:2      | Reached XP level 4. HP: 25/29 MP: 4/4
  2111 | D:2      | Reached ** piety under Trog
  2177 | D:2      | Found an opulent altar of Gozag.
  2397 | D:3      | Found Ycougegaha's Magic Scroll Boutique.
  2434 | D:3      | Bought a scroll of teleportation for 36 gold pieces
  2434 | D:3      | Bought a scroll of identify for 24 gold pieces
  2497 | D:3      | Found Ofaastre's Antique Weapon Boutique.
  2553 | D:3      | Reached XP level 5. HP: 10/33 MP: 5/5
  2599 | D:3      | Killed from afar by an orc priest

Illustrated notes

Levels and vault maps discovered:
D:1:      erik_arrival_cave_to_civilisation [erik_arrival_cave_to_hall],
          layout_basic, nicolae_ecumenical_lake_church, serial_aquarium,
          aquarium_bridge_straight [aquarium_subvault_bridge,
          aquarium_subvault_window, aquarium_subvault_bridge,
          aquarium_subvault_wall], aquarium_bridge_square
          [aquarium_subvault_bridge, aquarium_subvault_wall,
          aquarium_subvault_balcony, aquarium_subvault_bridge],
          aquarium_window_1, aquarium_window_corner, aquarium_view_2a,
          aquarium_balcony_1a, aquarium_pool_1, hex_tiny, minivault_26
D:2:      cheibrodos_pilgrimage, layout_basic, basic_altar
D:3:      layout_rooms, serial_shops, nicolae_shop_behind_doors,
          nicolae_shop_behind_doors, shop

Skill      XL: |  1  2  3 |
---------------+----------+-----
Armour         | 3 |  3.9
Dodging        | 2 |  2.3
Fighting       | |  3.9
Maces & Flails | |  3.6

Action                   |  1- 3 |  4- 6 || total
-------------------------+-------+-------++-------
Melee: Mace              |    81 |       ||    81
       Flail             |    23 |    67 ||    90
  Use: Scroll            |       |     2 ||     2
Armor: Animal skin       |    28 |     1 ||    29
       Leather armour    |       |    26 ||    26
Dodge: Dodged            |    75 |    44 ||   119
